 Dungeon Crawl Stone Soup version 0.30-a0-137-gd8773701ce (webtiles) character file.

Game seed: 16785750781800769477

2435 NinjaNoafa the Fighter (level 9, -2/141 HPs)
             Began as a Minotaur Fighter on Sept 22, 2022.
             Was a High Priest of Ignis.
             Slain by Joseph
             ... wielding a +2 quarterstaff of distortion
              (5 damage)
             ... on level 8 of the Dungeon.
             The game lasted 00:12:06 (7015 turns).

NinjaNoafa the Fighter (Minotaur Fighter)           Turns: 7015, Time: 00:12:07

Health: -2/141     AC: 24    Str: 25    XL:     9   Next: 24%
Magic:  8/8        EV:  2    Int:  5    God:    Ignis [*****.]
Gold:   426        SH:  6    Dex: 10    Spells: 8/8 levels left

rFire   + . .      SeeInvis .    y - +1 war axe (flame)
rCold   . . .      Faith    .    c - +1 buckler
rNeg    . . .      Spirit   .    (body armour currently unavailable)
rPois   +          Reflect  .    (helmet unavailable)
rElec   .          Harm     .    (cloak currently unavailable)
rCorr   .          Rampage  .    (gloves currently unavailable)
Will    .....      Clarity  +    (boots currently unavailable)
Stlth   +......... NoTele   +    (no amulet)
HPRegen 0.33/turn                v - ring of poison resistance
MPRegen 0.11/turn                k - +4 ring of slaying

@: tree-form, studying Polearms
A: stationary, stasis, torment immunity, boosted hp, (horns 3), (retaliatory
headbutt), (camouflage 1), clarity, robust 1, subdued magic 1
a: Renounce Religion, Fiery Armour, Foxfire Swarm, Rising Flame


You were on level 8 of the Dungeon.
You worshipped Ignis.
Ignis was extremely pleased with you.
You were a tree.
You visited 2 branches of the dungeon, and saw 9 of its levels.
You also visited: Ossuary.

You collected 426 gold pieces.

Inventory:

Hand Weapons
 y - a +1 war axe of flaming (weapon)
 C - a +4 hand axe
Missiles
 h - 24 poisoned darts (quivered)
 i - 46 stones
 w - 6 boomerangs
Armour
 c - a +1 buckler (worn)
 r - a +0 plate armour (melded)
 D - a +0 pair of gloves (melded)
Jewellery
 b - a ring of flight
 d - a ring of see invisible
 e - a ring of positive energy
 k - a +4 ring of slaying (right branch)
 v - a ring of poison resistance (left branch)
Wands
 l - a wand of flame (27)
 x - a wand of mindburst (19)
 F - a wand of polymorph (8)
Scrolls
 f - 6 scrolls of teleportation
 j - 3 scrolls of fear
 m - 2 scrolls of blinking
 n - 3 scrolls of fog
 o - 2 scrolls of noise
 s - a scroll of magic mapping
 E - a scroll of poison
 H - a scroll of amnesia
Potions
 g - a potion of magic
 p - 2 potions of heal wounds
 q - 3 potions of flight {unknown}
 t - 2 potions of resistance {unknown}
 u - a potion of brilliance {unknown}
 z - 3 potions of haste {unknown}
 A - 3 potions of cancellation {unknown}
 G - a potion of curing {unknown}


   Skills:
 + Level 10.7 Fighting
 - Level 7.0 Axes
 - Level 7.0 Armour
 - Level 3.0 Dodging
 - Level 5.0 Shields
 - Level 3.0 Evocations


You had 8 spell levels left.
You didn't know any spells.
Your spell library contained the following spells:

 Spells                   Type           Power      Damage    Failure   Level
 Necrotise                Necr           0%         1d4       52%         1
 Cigotuvi's Dreadful Rot  Necr/Pois/Air  0%         N/A       67%         2
 Poisonous Vapours        Pois/Air       0%         N/A       67%         2
 Kindle Blastsparks       Fire/Tloc/Air  0%         2d10      88%         3
 Summon Guardian Golem    Hex/Summ       0%         N/A       88%         3
 Vampiric Draining        Necr           0%         2d6       88%         3
 Dispel Undead            Necr           0%         3d6       99%         4
 Fulminant Prism          Conj/Hex       0%         3d6       99%         4
 Iskenderun's Mystic Bla  Conj/Tloc      0%         2d3       99%         4
 Agony                    Necr           0%         N/A       100%        5
 Lee's Rapid Deconstruct  Erth           0%         3d5*      100%        5
 Yara's Violent Unravell  Hex/Tmut       0%         3d3       100%        5
 Death Channel            Necr           0%         N/A       100%        6
 Statue Form              Tmut/Erth      0%         N/A       100%        6
 Orb of Destruction       Conj           0%         9d5       100%        7
 Spellforged Servitor     Conj/Summ      0%         N/A       100%        7


Dungeon Overview and Level Annotations

Branches:
Dungeon (8/15)             Temple (1/1) D:4         Ossuary (visited)
   Lair: D:8-11

Altars:
Ashenzari
Cheibriados
Dithmenos
Elyvilon
Fedhas
Gozag
Hepliaklqana
Kikubaaqudgha
Makhleb
Nemelex Xobeh
Okawaru
Qazlal
Ru
Sif Muna
Trog
Uskayaw
Wu Jian
Xom
Yredelemnul
Zin
The Shining One
Ignis

Shops:
D:4 *

Annotations:
D:8 Joseph


Innate Abilities, Weirdness & Mutations

You are a tree.
Your roots penetrate the ground, keeping you stationary.
You cannot be teleported.
You are immune to unholy pain and torment.
Your maximum health is greatly increased.
Your equipment is partially melded.
((You have a pair of large horns on your head.))
((You reflexively headbutt those who attack you in melee.))
((Your skin changes colour to match your surroundings (Stealth+).))
You possess an exceptional clarity of mind.
You are robust. (+10% HP)
Your spells are a little easier to cast, but a little less powerful.


Message History

Space warps around you.
* * * LOW HITPOINT WARNING * * *
You barely miss the centaur.
The centaur is almost dead.
You slash Joseph! You burn Joseph. You block the centaur's attack. x2
The centaur hits you.
* * * LOW HITPOINT WARNING * * *
The centaur kicks you but does no damage.
Joseph barely misses you.
You barely miss the centaur.
The centaur is almost dead.
You barely miss Joseph. The centaur completely misses you.
The centaur kicks you but does no damage.
Joseph hits you but does no damage. The centaur barely misses you.
You block the centaur's attack.
You hit the centaur. You burn the centaur.
You kill the centaur!
You slash Joseph! You burn Joseph.
Joseph hits you with a +2 quarterstaff of distortion!
* * * LOW HITPOINT WARNING * * *
Unknown command.
You hit Joseph.
Joseph is severely wounded.
Joseph hits you but does no damage. Space warps around you.
* * * LOW HITPOINT WARNING * * *
You barely miss Joseph.
Joseph is severely wounded.
You block Joseph's attack.
Unknown command.
You hit Joseph.
Joseph is severely wounded.
Joseph hits you with a +2 quarterstaff of distortion!
* * * LOW HITPOINT WARNING * * *
Space warps horribly around you!
* * * LOW HITPOINT WARNING * * *
You hit Joseph.
Joseph is severely wounded.
You block Joseph's attack. Joseph hits you but does no damage.
Space warps around you.
You die...

#.........
#.....$..
#./.....#
.......#
......#
#.....###.
#)))......
#)♣)......
+.@.......
#.........
#<........
#.##..../.
#.# ......
#.# ......
#.# ......
#.# #+###


You could see Joseph.

Vanquished Creatures
  The ghost of NinjaNoafa the Magician, a novice DjIE of Ashenzari (D:5)
  A water moccasin (D:6)
  2 black bears (D:5)
  4 centaurs
  A phantom (D:5)
  2 bullfrogs
  A gnoll sergeant (D:7)
  A scorpion (D:5)
  3 wights (D:5)
  A crimson imp (D:6)
  3 jellies
  5 orc priests
  5 hounds
  A gnoll bouda (D:6)
  3 iguanas
  9 orc wizards
  6 mummies
  6 gnolls
  6 adders
  3 white imps
  2 ufetubi
  A worm (D:4)
  2 dart slugs (D:2)
  23 orcs
  4 bats
  4 endoplasms
  A giant cockroach (D:4)
  6 goblins
  8 hobgoblins
  10 jackals (D:1)
  7 quokkas
  9 ball pythons
  3 frilled lizards
  3 hobgoblin zombies (Ossuary)
  11 kobolds
  5 rats (D:2)
  A spectral hobgoblin (D:3)
164 creatures vanquished.

Vanquished Creatures (others)
  2 plants (D:4)
2 creatures vanquished.

Grand Total: 166 creatures vanquished

Notes
Turn   | Place    | Note
-------+----------+-------------------------------------------
     0 | D:1      | NinjaNoafa the Minotaur Fighter began the quest for the
                  | Orb.
     0 | D:1      | Reached XP level 1. HP: 19/19 MP: 0/0
   121 | D:1      | Reached XP level 2. HP: 16/27 MP: 1/1
   414 | D:1      | Reached skill level 1 in Dodging
   694 | D:1      | Reached skill level 4 in Fighting
   694 | D:1      | Reached XP level 3. HP: 33/33 MP: 2/2
  1571 | D:2      | Found a broken altar of Ashenzari.
  2163 | D:2      | Reached XP level 4. HP: 33/40 MP: 3/3
  2622 | D:3      | Found a faded altar of an unknown god.
  2631 | D:3      | Prayed at the altar of an unknown god.
  2631 | D:3      | Became a worshipper of Ignis, the Dying Flame
  3115 | D:4      | Got the Grimoire of Transmutation
  3224 | D:4      | Reached XP level 5. HP: 47/47 MP: 4/4
  3459 | D:4      | Found Seyny's General Store.
  3492 | D:4      | Found a staircase to the Ecumenical Temple.
  3655 | D:4      | Found a large runed translucent door.
  3659 | D:4      | Found a large runed translucent door.
  3791 | Temple   | Entered the Ecumenical Temple
  4017 | D:4      | Found a blossoming altar of Fedhas.
  4030 | D:4      | Found a broken altar of Ashenzari.
  4072 | D:5      | Entered Level 5 of the Dungeon
  4080 | D:5      | Found a runed translucent door.
  4093 | D:5      | Found a sand-covered staircase.
  4103 | Ossuary  | Entered an ossuary
  4110 | Ossuary  | Reached XP level 6. HP: 22/55 MP: 5/5
  4380 | Ossuary  | Reached skill level 5 in Fighting
  4380 | Ossuary  | Reached skill level 5 in Shields
  4550 | D:5      | Reached skill level 5 in Armour
  4556 | D:5      | Reached skill level 5 in Axes
  4570 | D:5      | Noticed NinjaNoafa's ghost (novice DjIE)
  4585 | D:5      | Killed NinjaNoafa's ghost
  4586 | D:5      | Reached XP level 7. HP: 45/61 MP: 6/6
  5070 | D:5      | Reached skill level 1 in Evocations
  5070 | D:5      | Reached XP level 8. HP: 55/69 MP: 7/7
  5386 | D:5      | Reached skill level 6 in Fighting
  5546 | D:6      | Reached skill level 7 in Fighting
  5568 | D:6      | Reached skill level 8 in Fighting
  6045 | D:6      | Found a glowing golden altar of the Shining One.
  6479 | D:7      | Reached skill level 9 in Fighting
  6619 | D:7      | Reached XP level 9. HP: 80/84 MP: 8/8
  6883 | D:7      | Noticed a manticore
  6885 | D:7      | Reached skill level 10 in Fighting
  6890 | D:7      | Gained mutation: Your mind is acute. (Int +4, Str/Dex -1)
                  | [potion of mutation]
  6890 | D:7      | Gained mutation: Your skin changes colour to match your
                  | surroundings (Stealth+). [potion of mutation]
  6890 | D:7      | Gained mutation: You are weak. (Str -2) [potion of
                  | mutation]
  6989 | D:8      | Noticed Joseph
  6993 | D:8      | Lost mutation: You are weak. (Str -2) [potion of mutation]
  6993 | D:8      | Lost mutation: Your mind is acute. (Int +4, Str/Dex -1)
                  | [potion of mutation]
  6993 | D:8      | Gained mutation: You possess an exceptional clarity of
                  | mind. [potion of mutation]
  6993 | D:8      | Gained mutation: You are robust. (+10% HP) [potion of
                  | mutation]
  6993 | D:8      | Gained mutation: Your spells are a little easier to cast,
                  | but a little less powerful. [potion of mutation]
  6993 | D:8      | Gained mutation: You have a pair of large horns on your
                  | head. [potion of mutation]
  7014 | D:8      | HP: 2/141 [Joseph/+2 quarterstaff of distortion (13)]
  7015 | D:8      | Slain by Joseph

Illustrated notes

Levels and vault maps discovered:
D:1:      scummos_arrival_checkerplants, layout_basic,
          chequers_serial_rivers_micro_b
D:2:      layout_loops_cross, serial_rivers, chequers_serial_rivers_large_a,
          chequers_serial_rivers_room_b, chequers_serial_rivers_micro_c,
          chequers_serial_rivers_room_b, chequers_serial_rivers_marsh,
          basic_altar
D:3:      layout_loops_cross, dreamdust_ecumenical_altar_drowned_temple
D:4:      wad_woods_tower, layout_loops_cross, jmf_multi_god_temple2,
          temple_pool_b, serial_shops, shop, hangedman_decor_peaks_small
D:5:      layout_loops_ring, ebering_ghost_sewer_d, gup_ossuary_entry_pyramid
D:6:      layout_rooms, tso_metal_star, minmay_fire_ice_demons
D:7:      nzn_winding_woodlands_three_and_one
          [nzn_winding_woodlands_5x15_split_checker,
          nzn_winding_woodlands_5x15_pool,
          nzn_winding_woodlands_5x15_river_crossing,
          nzn_winding_woodlands_center_pierced_h], layout_loops_ring,
          minmay_manual_mares
D:8:      layout_basic, nicolae_vehumet_radiance, uniq_joseph
Temple:   compressed_dpeg_circular_temple

Skill      XL: |  1  2  3  4  5  6  7  8  9 |
---------------+----------------------------+-----
Dodging        | 1 2 3 |  3.0
Shields        | 4 5 |  5.0
Fighting       | 4 5 9 10 | 10.7
Armour         | 4 5 7 |  7.0
Axes           | 3 4 7 |  7.0
Evocations     | 1 3 |  3.0

Action                   |  1- 3 |  4- 6 |  7- 9 || total
-------------------------+-------+-------+-------++-------
Melee: War axe           |    95 |    91 |   133 ||   319
       Headbutt          |    14 |    15 |    19 ||    48
  Use: Potion            |       |     1 |     9 ||    10
       Scroll            |       |       |    13 ||    13
Armor: Scale mail        |    56 |     3 |       ||    59
       Plate armour      |       |    49 |    89 ||   138
       Skin              |       |       |    39 ||    39
Dodge: Dodged            |    63 |    27 |    51 ||   141
Block: Buckler           |    17 |    19 |    63 ||    99

Table legend: (Time is in decaauts)
 A = Elapsed time spent in this place.
 B = Non-inter-level travel time spent in this place.
 C = Inter-level travel time spent in this place.
 D = Time resting spent in this place.
 E = Time spent auto-exploring this place.
 F = Levels seen in this place.
 G = Mean time per level.
                   A        B        C        D        E       F      G
               +--------+--------+--------+--------+--------+-----+--------+
         Total |   7134 |   6777 |    357 |    166 |   5343 |  10 |  713.4 |
       Dungeon |   6628 |   6285 |    343 |    166 |   4928 |   8 |  828.5 |
        Temple |     87 |     73 |     14 |      0 |     57 |   1 |   87.0 |
       Ossuary |    417 |    417 |      0 |      0 |    358 |   1 |  417.0 |
               +--------+--------+--------+--------+--------+-----+--------+

Top non-repeatable levels by time:
     D:2: 1193 daAuts
     D:1: 1187 daAuts
     D:4: 1157 daAuts
     D:5: 1085 daAuts
     D:6: 812 daAuts
     D:3: 608 daAuts
     D:7: 555 daAuts
 Ossuary: 417 daAuts
  Temple: 87 daAuts
     D:8: 29 daAuts
